 Dungeon Crawl Stone Soup version 0.31-a0-569-g7ea453304b (webtiles) character file.

Game seed: 5522523197302461656

2 Leibowitz the Cutter (level 1, -2/4 HPs)
             Began as a Kobold Gladiator on Aug 18, 2023.
             Frozen to death by an endoplasm (5 damage)
             ... on level 1 of the Dungeon.
             The game lasted 00:01:52 (139 turns).

Leibowitz the Cutter (Kobold Gladiator)              Turns: 139, Time: 00:01:53

Health: -2/4       AC:  4    Str: 11    XL:     1   Next: 33%
Magic:  1/1        EV: 15    Int:  9    God:
Gold:   0          SH:  0    Dex: 16    Spells: 0/0 levels left

rFire   . . .        a - melded +0 rapier
rCold   . . .        (shield currently unavailable)
rNeg    . . .        b - +0 leather armour
rPois   .            c - +0 helmet
rElec   .            (no cloak)
rCorr   .            (no gloves)
SInv    .            (no boots)
Will    .....        (no amulet)
Stlth   +            (no ring)
HPRegen 0.20/turn    (no ring)
MPRegen 0.07/turn

%: no passive effects
@: flux-form, glowing
A: glow, contaminating, reduced hp, small, no large weapons, nightstalker 3
a: Begin Untransformation


You were on level 1 of the Dungeon.
You were something dangerously unstable.
You visited 1 branch of the dungeon, and saw 1 of its levels.

Inventory:

Hand Weapons
 a - a +0 rapier (melded)
Missiles
 d - 3 throwing nets (quivered)
 e - 2 boomerangs
Armour
 b - a +0 leather armour (worn)
 c - a +0 helmet (worn)
Talismans
 f - a flux talisman (active)
 g - a beast talisman


   Skills:
 * Level 2.2 Fighting
 * Level 4.0 Short Blades
 + Level 2.1 Throwing
 * Level 3.6 Dodging
 * Level 0.8 Stealth


You couldn't memorise any spells.
You didn't know any spells.
Your spell library was empty.

Dungeon Overview and Level Annotations

Branches:
Dungeon (1/15)

Altars:


Innate Abilities, Weirdness & Mutations

You are something dangerously unstable.
You glow with magical radiation, making you easy to see and hit.
Foes you strike become dangerously contaminated with magical radiation.
Your maximum health is decreased, since you lack skill for your form.
You are incapable of wielding weapons or throwing items.
You are small and have problems with some larger weapons.
You are completely attuned to the shadows.


Message History

You miss the frilled lizard.
The frilled lizard hisses.
The frilled lizard misses you.
You hit the frilled lizard.
You kill the frilled lizard!
A frilled lizard comes into view.
The helpless frilled lizard fails to defend itself.
You puncture the frilled lizard!
You kill the frilled lizard!
Found a flux talisman.
A rat comes into view.
Found a stone staircase leading down.
The helpless rat fails to defend itself.
You puncture the rat!
You kill the rat!
You see here a flux talisman.
f - a flux talisman You begin transforming.
You continue transforming. x3
You turn into something dangerously unstable.
Your +0 rapier melds into your body.
HP restored.
Found a beast talisman.
You see here a beast talisman.
g - a beast talisman You open the door.
There is an open door here.
You open the door.
There is an open door here.
An endoplasm comes into view.
The endoplasm quivers.
The endoplasm barely misses you.
You see here 9 gold pieces.
You hit the endoplasm but do no damage.
The endoplasm begins to glow.
The endoplasm freezes you.
You are frozen.
You hit the endoplasm.
The endoplasm glows dangerously bright.
The endoplasm is moderately wounded.
The endoplasm freezes you.
You are frozen.
Ouch! That really hurt!
You die...

#..........^...#
#######......#.#
######.###......#.#
#.................
#...##.....#>##.#.
#...##.##....# ...
#...##.##.##.# #.
####'##+##.##.####.
#.............BJ...
#..........##.####.
#.........###..#
#.........# ##...
########### ###


You could see an endoplasm (heavy contam).

Vanquished Creatures
  2 frilled lizards (D:1)
  A rat (D:1)
3 creatures vanquished.

Notes
Turn   | Place    | Note
-------+----------+-------------------------------------------
     0 | D:1      | Leibowitz the Kobold Gladiator began the quest for the Orb.
     0 | D:1      | Reached XP level 1. HP: 12/12 MP: 1/1
   139 | D:1      | Frozen to death by an endoplasm

Illustrated notes

Levels and vault maps discovered:
D:1:      dpeg_arrival_ternary, layout_basic

Action                     || total
---------------------------++-------
  Melee: Rapier            ||     4
         Unarmed           ||     2
   Stab: Sleeping          ||     2
  Dodge: Dodged            ||     2
   Form: Flux              ||     1

Table legend: (Time is in decaauts)
 A = Elapsed time spent in this place.
 B = Non-inter-level travel time spent in this place.
 C = Inter-level travel time spent in this place.
 D = Time resting spent in this place.
 E = Time spent auto-exploring this place.
 F = Levels seen in this place.
 G = Mean time per level.
                   A        B        C        D        E       F      G
               +--------+--------+--------+--------+--------+-----+--------+
         Total |    139 |    139 |      0 |      0 |    104 |   1 |  139.0 |
       Dungeon |    139 |    139 |      0 |      0 |    104 |   1 |  139.0 |
               +--------+--------+--------+--------+--------+-----+--------+

Top non-repeatable levels by time:
     D:1: 139 daAuts
